 Dungeon Crawl Stone Soup version 0.27-a0-1202-ge72e49191c (webtiles) character file.

Game seed: 4895491707826049328

55 robertstho the Ducker (level 3, -6/25 HPs)
             Began as a Felid Berserker on June 2, 2021.
             Was a Follower of Trog.
             Splashed by Ijyb's acid (11 damage)
             ... on level 2 of the Dungeon.
             The game lasted 00:02:37 (2568 turns).

robertstho the Ducker (Felid Berserker)             Turns: 2568, Time: 00:02:38

Health: -6/25      AC:  1    Str: 14    XL:     3   Next: 67%
Magic:  4/4        EV: 18    Int:  8    God:    Trog [*.....]
Gold:   25         SH:  0    Dex: 15    Spells: 2/2 levels left
                                        Lives:  0   Deaths: 0

rFire    . . .     SeeInvis +     - Unarmed
rCold    . . .     Faith    .   (shield unavailable)
rNeg     . . .     Spirit   .   (armour unavailable)
rPois    .         Reflect  .   (helmet unavailable)
rElec    .         Harm     .   (cloak unavailable)
rCorr    .         Rampage  .   (gloves unavailable)
Will     .....                  (boots unavailable)
Stlth    ..........             (no amulet)
HPRegen  0.08/turn              (no ring)
MPRegen  0.09/turn              (no ring)

@: berserking (expiring), very quick
A: very small, claws 1, fangs 3, see invisible, speed 1, shaggy fur 1, stealthy
paws, no weapons or thrown items, no armour, multi-lived
a: Renounce Religion, Berserk


You were on level 2 of the Dungeon.
You worshipped Trog.
Trog was aware of your devotion.
You visited 1 branch of the dungeon, and saw 2 of its levels.

You collected 74 gold pieces.
You spent 49 gold pieces at shops.

Inventory:

Wands
 f - a wand of paralysis (6)
Scrolls
 b - a scroll of summoning {unknown}
 h - 2 scrolls of identify {unknown}
 i - a scroll of fear
Potions
 a - a potion of berserk rage {unknown}
 c - 3 potions of haste {unknown}
 d - a potion of brilliance {unknown}
 e - a potion of degeneration {unknown}
 g - a potion of flight {unknown}


   Skills:
 * Level 3.5 Fighting
 + Level 4.3 Dodging
 * Level 1.5 Stealth
 * Level 3.8 Unarmed Combat


You had 2 spell levels left.
You didn't know any spells.
Your spell library was empty.

Dungeon Overview and Level Annotations

Branches:
Dungeon (2/15)

Altars:

Shops:
D:2 (*:

Annotations:
D:2 Ijyb


Innate Abilities, Weirdness & Mutations

You have sharp claws.
You have razor-sharp teeth.
You have supernaturally acute eyesight. (SInv)
You cover ground quickly. (Speed+)
You are covered in fur. (AC +1)
Your paws help you pounce on unaware monsters.
You are incapable of wielding weapons or throwing items.
You cannot wear armour.
You gain extra lives every three experience levels.


Message History

A rat is nearby!
A rat is nearby!
A rat is nearby!
A rat is nearby!
A dart slug comes into view.
The rat misses you.
You scratch the rat.
You kill the rat!
Trog accepts your kill.
Ijyb zaps a wand.
The bolt of acid misses you.
An adder comes into view.
Ijyb closely misses you.
You scratch Ijyb.
Ijyb is lightly wounded.
Ijyb zaps a wand.
The bolt of acid misses you.
You scratch Ijyb but do no damage.
Ijyb is lightly wounded.
Ijyb barely misses you.
You barely miss Ijyb.
Ijyb is lightly wounded.
The adder hisses angrily.
Ijyb closely misses you.
There are monsters nearby!
There are monsters nearby!
A red film seems to cover your vision as you go berserk!
You feel yourself moving faster!
You feel mighty! Ijyb hits you with a +0 club.
You claw Ijyb! Your bite misses Ijyb.
Ijyb is heavily wounded.
You claw Ijyb!
Ijyb is almost dead.
Ijyb barely misses you.
You scratch Ijyb.
Ijyb is almost dead.
You barely miss Ijyb.
Ijyb is almost dead.
Ijyb zaps a wand.
The bolt of acid hits you!
Ouch! That really hurt!
* * * LOW HITPOINT WARNING * * *
You are splashed with acid!
You die...

# #.#.# #.##.#.# #...... #......#
#..... ####.### #..... #)# #....
#.## ####.... #..# #......####
##.# #.#...gS..# # #.# #.#.##@##
# # #.# #.#.....#.#### #
#.###.#.....w...w. #
###..........†#.#### ###
#####...##.##.......# #.>
........##........#############.#
.####...########.## #........##.#
.##.)∩....# #...# #.#.##....#.#
.##.#..##.# #...# #.#.#..###..#


You could see Ijyb, an adder and a dart slug.

Vanquished Creatures
  An adder (D:2)
  A worm (D:1)
  2 ball pythons
  5 endoplasms
  3 giant cockroaches (D:1)
  3 hobgoblins (D:1)
  3 jackals (D:1)
  4 kobolds
  2 bats
  A frilled lizard (D:2)
  8 goblins
  7 rats
40 creatures vanquished.

Notes
Turn   | Place    | Note
-------+----------+-------------------------------------------
     0 | D:1      | robertstho the Felid Berserker began the quest for the Orb.
     0 | D:1      | Reached XP level 1. HP: 10/10 MP: 2/2
   561 | D:1      | Reached XP level 2. HP: 11/14 MP: 3/3
  1193 | D:1      | Reached skill level 1 in Stealth
  1375 | D:2      | Noticed Ijyb
  1463 | D:2      | Reached XP level 3. HP: 14/17 MP: 4/4
  1703 | D:2      | Found Kuschehid's Book Emporium.
  2386 | D:2      | Found Kacejej's Antique Weapon Boutique.
  2454 | D:2      | Found Fagroutt's General Store.
  2535 | D:2      | Bought a scroll of fear for 49 gold pieces
  2568 | D:2      | Splashed by Ijyb's acid

Illustrated notes

Levels and vault maps discovered:
D:1:      dpeg_arrival_tiny_f, layout_basic
D:2:      kennysheep_the_goblin_king, layout_loops_cross, serial_shops, shop,
          shop, shop, shop, nicolae_shop_waterfront

Skill      XL: |  1  2 |
---------------+-------+-----
Stealth        | 1 |  1.5
Fighting       | |  3.5
Dodging        | |  4.3
Unarmed Combat | |  3.8

Action                   || total
-------------------------++-------
Melee: Unarmed           ||   105
       Bite              ||    10
       Punch             ||     3
Invok: Berserk           ||     4
 Stab: Sleeping          ||     3
Armor: Skin              ||    10
Dodge: Dodged            ||    85

Table legend: (Time is in decaauts)
 A = Elapsed time spent in this place.
 B = Non-inter-level travel time spent in this place.
 C = Inter-level travel time spent in this place.
 D = Time resting spent in this place.
 E = Time spent auto-exploring this place.
 F = Levels seen in this place.
 G = Mean time per level.
                   A        B        C        D        E       F      G
               +--------+--------+--------+--------+--------+-----+--------+
         Total |   2376 |   2299 |     77 |    512 |   1493 |   2 | 1188.0 |
       Dungeon |   2376 |   2299 |     77 |    512 |   1493 |   2 | 1188.0 |
               +--------+--------+--------+--------+--------+-----+--------+

Top non-repeatable levels by time:
     D:1: 1813 daAuts
     D:2: 563 daAuts
